 Dungeon Crawl Stone Soup version 0.26-a0-708-g17f3b190f9 (webtiles) character file.

Game seed: 16807525939201142059

4 vt the Sneak (level 1, -11/27 HPs)
             Began as a Human Delver on Oct 27, 2020.
             Was an Initiate of Cheibriados.
             Killed by divine providence
             ... invoked by an orc priest
              (15 damage)
             ... on level 4 of the Dungeon.
             The game lasted 00:04:57 (552 turns).

vt the Sneak (Human Delver)                          Turns: 552, Time: 00:04:57

Health: -11/27     AC:  4    Str: 13    XL:     1   Next: 66%
Magic:  1/1        EV: 12    Int: 11    God:    Cheibriados [......]
Gold:   26         SH:  0    Dex: 15    Spells: 0/0 levels left

rFire    . . .     SeeInvis .   a - +0 hand axe
rCold    . . .     Faith    .   (no shield)
rNeg     . . .     Spirit   .   b - +1 leather armour
rPois    .         Reflect  .   (no helmet)
rElec    .         Harm     .   (no cloak)
rCorr    .         Rampage  .   (no gloves)
MR       .....                  (no boots)
Stlth    ..........             (no amulet)
HPRegen  0.09/turn              (no ring)
MPRegen  0.07/turn              (no ring)

@: berserking (expiring), very slow
A: no striking features
a: Bend Time, Renounce Religion


You were on level 4 of the Dungeon.
You worshipped Cheibriados.
Cheibriados was noncommittal.
You visited 1 branch of the dungeon, and saw 4 of its levels.

You collected 26 gold pieces.

Inventory:

Hand Weapons
 a - a +0 hand axe (weapon)
Missiles
 j - 14 stones (quivered)
Armour
 b - a +1 leather armour (worn)
Wands
 g - a wand of digging (3)
Scrolls
 c - a scroll of fog
 d - a scroll of teleportation {@r4}
 e - a scroll of fear
 h - a scroll of identify {unknown}
Potions
 f - a potion of haste {@q3}


   Skills:
 - Level 3.0 Fighting
 + Level 2.4 Axes
 - Level 2.0 Dodging
 - Level 5.0 Stealth


You couldn't memorise any spells.
You didn't know any spells.
Your spell library contained the following spells:

 Spells                   Type           Power        Failure   Level
 Corona                   Hex            #......      41%         1
 Ensorcelled Hibernation  Hex/Ice        #.....       56%         2
 Confusing Touch          Hex            #.......     80%         3
 Dazzling Flash           Conj/Hex       #.....       80%         3
 Tukima's Dance           Hex            #.......     80%         3


Dungeon Overview and Level Annotations

Branches:
Dungeon (7/15)
 Temple: D:4-7

Altars:
Cheibriados
Hepliaklqana
Vehumet
The Shining One


Message History

The jackal is moderately wounded.
The jackal closely misses you.
You barely miss the jackal.
The jackal is moderately wounded.
The jackal bites you but does no damage.
The jackal barely misses you.
You closely miss the jackal. The jackal completely misses you.
The jackal barely misses you.
You closely miss the jackal.
The jackal bites you but does no damage.
Press: ? - help, v - describe, . - travel
Here: a jackal The floor.
You hit the jackal.
The jackal is heavily wounded.
The jackal closely misses you.
The jackal bites you but does no damage.
You hit the jackal.
The jackal is almost dead.
The jackal bites you.
* * * LOW HITPOINT WARNING * * *
The jackal bites you but does no damage.
You hit the jackal.
You kill the jackal!
Cheibriados appreciates the change of pace.
e - a scroll of fear (in hand)
You swing at nothing.
You swing at nothing.
You swing at nothing.
You swing at nothing.
You swing at nothing.
You swing at nothing.
You swing at nothing.
You swing at nothing.
You swing at nothing.
You swing at nothing.
You swing at nothing.
You swing at nothing.
You swing at nothing.
You swing at nothing.
You swing at nothing.
You swing at nothing.
You swing at nothing.
You swing at nothing.
You swing at nothing.
You swing at nothing.
You swing at nothing.
You climb upwards.
a - a +0 hand axe (weapon)
Found 14 stones.
Found a stone staircase leading down.
Found an escape hatch in the ceiling.
There is an escape hatch in the ceiling here.
Fire/throw which item? (* to show all) (? for menu, Esc to quit)
Okay, then.
You see here 14 stones.
j - 14 stones Fire/throw which item? (* to show all) (? for menu, Esc to quit)
Okay, then.
As you read the scroll labeled BOPRET NEQUCA, it crumbles to dust.
You feel strangely unstable.
It was a scroll of teleportation.
Your surroundings suddenly seem different.
An orc and an orc priest come into view.
The orc shouts!
The orc priest shouts!
You hear a shout!
You closely miss the orc priest. The orc hits you but does no damage.
The orc priest hits you with a +0 hand axe.
You are too injured to fight recklessly!
You are too injured to fight recklessly!
It was a potion of berserk rage.
A red film seems to cover your vision as you go berserk!
Cheibriados protects you from inadvertent hurry.
You feel mighty! The orc hits you but does no damage.
The orc priest miscasts a cantrip.
You slash the orc priest!
The orc priest is heavily wounded.
The orc priest hits you with a +0 hand axe.
The orc closely misses you.
You closely miss the orc priest.
The orc priest is heavily wounded.
The orc priest invokes the aid of Beogh against you.
Beogh smites you!
* * * LOW HITPOINT WARNING * * *
The orc hits you from afar with a cursed -3 trident.
* * * LOW HITPOINT WARNING * * *
You barely miss the orc priest.
The orc priest is heavily wounded.
The orc priest closely misses you. The orc hits you but does no damage.
You barely miss the orc priest.
The orc priest is heavily wounded.
The orc priest mumbles some strange prayers to Beogh against you.
You barely resist. The orc barely misses you.
You closely miss the orc priest.
The orc priest is heavily wounded.
The orc priest calls down the wrath of Beogh upon you.
Pain shoots through your body!
* * * LOW HITPOINT WARNING * * *
The orc closely misses you.
The orc priest calls down the wrath of Beogh upon you.
Beogh smites you!
Ouch! That really hurt!
You die...

... ░....░ ...░
░░....░
....░░░░....░
.....░.....░
...........░
..........░
.........░
.=...oo..░░
......░@..░░░░░░
......░░.......░
..... ░...░░░░░
.oo.. ░..░░ ....
░..░ ...? ░..░
░..░ ...░ ....░


You could see an orc priest and an orc.

Vanquished Creatures
  3 jackals
3 creatures vanquished.

Notes
Turn   | Place    | Note
-------+----------+-------------------------------------------
     0 | D:5      | vt the Human Delver began the quest for the Orb.
     0 | D:5      | Reached XP level 1. HP: 18/18 MP: 1/1
     4 | D:5      | Found a snail-covered altar of Cheibriados.
     5 | D:5      | Found a hazy altar of Hepliaklqana.
     5 | D:5      | Found a radiant altar of Vehumet.
    13 | D:5      | Became a worshipper of Cheibriados the Contemplative
    44 | D:5      | Found a glowing golden altar of the Shining One.
    46 | D:5      | Noticed a phantom
    83 | D:5      | HP: 4/18 [phantom (8)]
   160 | D:6      | Noticed a phantom
   387 | D:4      | Noticed a scorpion
   542 | D:4      | Noticed an orc priest
   552 | D:4      | HP: 4/27 [orc priest/nerve-wracking pain (3)]
   552 | D:4      | Killed from afar by an orc priest

Illustrated notes

Levels and vault maps discovered:
D:4:      layout_layer_cave
D:5:      layout_basic, kennysheep_mini, nicolae_overflow_crystal_walls,
          grunt_qazlal_clouds, grunt_temple_overflow_open
D:6:      minmay_flawed_box, layout_gridville, elyvilon_altar_5,
          minmay_temple_entry_antechambers, uniq_grinder
D:7:      layout_basic, dancing_weapons_uskayaw, uniq_duvessa, uniq_maggie

Action                   || total
-------------------------++-------
Melee: Hand axe          ||    36
  Use: Scroll            ||     3
       Potion            ||     1
Armor: Leather armour    ||    17
Dodge: Dodged            ||    31

Table legend: (Time is in decaauts)
 A = Elapsed time spent in this place.
 B = Non-inter-level travel time spent in this place.
 C = Inter-level travel time spent in this place.
 D = Time resting spent in this place.
 E = Time spent auto-exploring this place.
 F = Levels seen in this place.
 G = Mean time per level.
                   A        B        C        D        E       F      G
               +--------+--------+--------+--------+--------+-----+--------+
         Total |    719 |    719 |      0 |      3 |      0 |   4 |  179.8 |
       Dungeon |    719 |    719 |      0 |      3 |      0 |   4 |  179.8 |
               +--------+--------+--------+--------+--------+-----+--------+

Top non-repeatable levels by time:
     D:6: 339 daAuts
     D:5: 257 daAuts
     D:4: 117 daAuts
     D:7: 4 daAuts

Table legend:
 A = Kills in this place as a percentage of kills in entire the game.
 B = Kills by you in this place as a percentage of kills by you in the entire game.
 C = Kills by friends in this place as a percentage of kills by friends in the entire game.
 D = Other kills in this place as a percentage of other kills in the entire game.
 E = Experience gained in this place as a percentage of experience gained in the entire game.
 F = Experience gained in this place divided by the number of levels of this place that you have seen.
                   A       B       C       D       E      F
               +-------+-------+-------+-------+-------+----------------------
         Total | 100.0 | 100.0 |   N/A |   N/A | 100.0 |   1.5
       Dungeon | 100.0 | 100.0 |   N/A |   N/A | 100.0 |   1.5
               +-------+-------+-------+-------+-------+----------------------
